 Dungeon Crawl Stone Soup version 0.27.0-1-g7a089689b8 (webtiles) character file.

Game seed: 1395243407822602199

126436 rogsnak the Devastator (level 16, -5/118 HPs)
             Began as a Black Draconian Fire Elementalist on Aug 13, 2021.
             Was a High Priest of Sif Muna.
             Killed from afar by Nikola (55 damage)
             ... with an arc of chain lightning
             ... on level 4 of the Lair of Beasts on Aug 14, 2021.
             The game lasted 02:03:31 (29935 turns).

rogsnak the Devastator (DrFE)                      Turns: 29935, Time: 02:03:31

Health: -5/118     AC: 23    Str: 12    XL:     16   Next: 43%
Magic:  20/32      EV: 14    Int: 20    God:    Sif Muna [*****.]
Gold:   2494       SH:  6    Dex: 16    Spells: 11/40 levels left

rFire    + + .     SeeInvis .   m - staff of conjuration
rCold    . . .     Faith    .   x - +2 buckler
rNeg     + . .     Spirit   .   (armour unavailable)
rPois    +         Reflect  .   P - +2 hat {Stlth+}
rElec    +         Harm     .   U - +2 cloak
rCorr    +         Rampage  .   g - +1 pair of gloves {archery}
Will     +....                  G - +2 pair of boots
Stlth    +++.......             F - amulet of magic regeneration
HPRegen  0.29/turn              l - ring "Siedia" {rF+ rN+ rCorr AC+4 Dex+3}
MPRegen  0.48/turn              C - ring of Badwile {rPois rF+}

@: flying
A: breathe lightning, AC +9, unfitting armour, big wings, electricity
resistance, cold-blooded
a: Breathe Lightning, Renounce Religion, Channel Magic, Forget Spell, Divine
Exegesis


You were on level 4 of the Lair of Beasts.
You worshipped Sif Muna.
Sif Muna was extremely pleased with you.
You visited 4 branches of the dungeon, and saw 23 of its levels.
You also visited: Ossuary, Bailey and Gauntlet.

You collected 3131 gold pieces.
You spent 637 gold pieces at shops.

Inventory:

Hand Weapons
 K - the +11 war axe of the Baking Genius {holy, rN+ Str-2 Dex+3}
   (You took it off a minotaur in a Gauntlet)

   It has been blessed by the Shining One to cause great damage to the undead
   and demons.
   Str:       It affects your strength (-2).
   Dex:       It affects your dexterity (+3).
   rN:        It protects you from negative energy.
 M - a +5 spear of venom
Missiles
 z - 92 poisoned darts
 H - 8 curare-tipped darts
 I - 3 throwing nets
 W - 2 atropa-tipped darts
Armour
 a - a +0 tower shield of reflection
 e - the +2 cloak of Impressiveness {rPois Will++ Int-2}
   (You acquired it on level 13 of the Dungeon)

   Int:       It affects your intelligence (-2).
   rPois:     It protects you from poison.
   Will:      It greatly increases your willpower.
 g - a +1 pair of gloves of archery (worn)
 x - a +2 buckler (worn)
 G - a +2 pair of boots (worn)
 P - a +2 hat of stealth (worn)
 U - a +2 cloak (worn)
Magical Staves
 m - a staff of conjuration (weapon)
 r - a staff of cold
Jewellery
 l - the ring "Siedia" (left hand) {rF+ rN+ rCorr AC+4 Dex+3}
   (You found it in a Gauntlet)

   [ring of protection]

   AC:        It affects your AC (+4).
   Dex:       It affects your dexterity (+3).
   rF:        It protects you from fire.
   rN:        It protects you from negative energy.
   rCorr:     It protects you from acid and corrosion.
 C - the ring of Badwile (right hand) {rPois rF+}
   (You took it off a minotaur in a Gauntlet)

   [ring of poison resistance]

   rF:        It protects you from fire.
   rPois:     It protects you from poison.
 F - an amulet of magic regeneration (around neck)
 O - a ring of willpower
 Z - a ring of protection from fire
Wands
 D - a wand of paralysis (15)
 J - a wand of polymorph (18)
 R - a wand of iceblast (26)
 S - a wand of mindburst (43)
 T - a wand of charming (19)
 X - a wand of acid (24)
Scrolls
 h - a scroll of identify
 o - 11 scrolls of teleportation
 q - 4 scrolls of magic mapping {unknown}
 v - 6 scrolls of amnesia {unknown}
 w - 4 scrolls of vulnerability {unknown}
 y - 3 scrolls of blinking
 B - 4 scrolls of noise {unknown}
 L - 4 scrolls of enchant weapon
 N - 3 scrolls of immolation
 Q - 2 scrolls of fear
 Y - a scroll of fog
Potions
 b - 3 potions of mutation
 c - a potion of cancellation {unknown}
 d - 8 potions of curing
 f - 5 potions of invisibility {unknown}
 i - 5 potions of heal wounds {unknown}
 j - 4 potions of attraction {unknown}
 k - 6 potions of brilliance {unknown}
 n - 4 potions of flight {unknown}
 p - 5 potions of magic {unknown}
 s - 3 potions of haste
 t - 2 potions of lignification
 u - a potion of resistance
 A - 2 potions of ambrosia
 E - 2 potions of might
Miscellaneous
 V - a piece from Xom's chessboard (15/15)


   Skills:
 + Level 4.4 Fighting
 - Level 0.4 Polearms
 + Level 5.4 Dodging
 - Level 2.0 Stealth
 + Level 2.0 Shields
 + Level 12.8 Spellcasting
 * Level 16.9 Conjurations
 + Level 1.2 Summonings
 + Level 12.4 Fire Magic
 - Level 2.0 Air Magic
 * Level 8.2 Earth Magic
 + Level 1.3 Invocations
 + Level 1.4 Evocations


You had 11 spell levels left.
You knew the following spells:

 Your Spells              Type           Power      Damage    Failure   Level
a - Foxfire               Conj/Fire      100%       2x1d9     0%          1
b - Sticky Flame          Conj/Fire      82%        2d9       1%          4
c - Fireball              Conj/Fire      41%        3d17      1%          5
d - Iskenderun's Battles  Conj           88%        2d14      1%          5
e - Iron Shot             Conj/Erth      38%        9d8       5%          6
f - Swiftness             Air            20%        N/A       9%          3
g - Lee's Rapid Deconstr  Erth           23%        3d14*     6%          5

Your spell library contained the following spells:

 Spells                   Type           Power      Damage    Failure   Level
 Magic Dart               Conj           100%       1d8       0%          1
 Shock                    Conj/Air       100%       1d9       1%          1
 Passwall                 Tmut/Erth      24%        N/A       1%          2
 Static Discharge         Conj/Air       66%        N/A       1%          2
 Conjure Flame            Conj/Fire      82%        6-21      1%          3
 Dazzling Flash           Conj/Hex       100%       N/A       1%          3
 Inner Flame              Hex/Fire       37%        N/A       1%          3
 Mephitic Cloud           Conj/Pois/Air  55%        N/A       1%          3
 Stone Arrow              Conj/Erth      100%       3d13      1%          3
 Fulminant Prism          Conj/Hex       31%        3d16      1%          4
 Hailstorm                Conj/Ice       63%        3d13      1%          4
 Iskenderun's Mystic Bla  Conj/Tloc      63%        2d13      1%          4
 Starburst                Conj/Fire      41%        8x6d12    2%          6
 Ignite Poison            Fire/Tmut/Pois 29%        N/A       3%          3
 Lightning Bolt           Conj/Air       33%        1d50      3%          5
 Summon Small Mammal      Summ           68%        N/A       4%          1
 Irradiate                Conj/Tmut      31%        3d24      5%          5
 Call Imp                 Summ           17%        N/A       6%          2
 Freeze                   Ice            48%        1d7       7%          1
 Sting                    Tmut/Pois      48%        1d5       7%          1
 Ensorcelled Hibernation  Hex/Ice        24%        N/A       10%         2
 Call Canine Familiar     Summ           17%        N/A       12%         3
 Freezing Cloud           Conj/Ice/Air   27%        6-21      14%         5
 Summon Guardian Golem    Hex/Summ       15%        N/A       16%         3
 Frozen Ramparts          Ice            24%        1d4       21%         3
 Gell's Gravitas          Tloc           6%         N/A       21%         3
 Lesser Beckoning         Tloc           6%         N/A       21%         3
 Ozocubu's Armour         Ice            12%        N/A       21%         3
 Spider Form              Tmut/Pois      6%         N/A       21%         3
 Teleport Other           Tloc           12%        N/A       21%         3
 Summon Lightning Spire   Summ/Air       19%        N/A       34%         4
 Cause Fear               Hex            6%         N/A       54%         4
 Passage of Golubria      Tloc           N/A        N/A       54%         4
 Silence                  Hex/Air        8%         N/A       77%         5
 Spellforged Servitor     Conj/Summ      32%        N/A       80%         7
 Summon Mana Viper        Hex/Summ       15%        N/A       82%         5
 Alistair's Intoxication  Tmut/Pois      8%         N/A       88%         5
 Lehudib's Crystal Spear  Conj/Erth      38%        10d9      94%         8
 Ignition                 Fire           29%        3d9       95%         8
 Shadow Creatures         Summ           N/A        N/A       99%         6
 Invisibility             Hex            6%         N/A       100%        6
 Simulacrum               Ice/Necr       6%         N/A       100%        6
 Dragon Form              Tmut           6%         N/A       100%        7
 Storm Form               Tmut/Air       8%         N/A       100%        7
 Borgnjor's Revivificati  Necr           6%         N/A       100%        8
 Maxwell's Capacitive Co  Air            10%        ∞         100%        8
 Dragon's Call            Summ           8%         N/A       100%        9
 Polar Vortex             Ice            6%         N/A       100%        9


Dungeon Overview and Level Annotations

Branches:
Dungeon (14/15)            Temple (0/1) D:5            Lair (6/6) D:10
 Shoals (0/4) Lair:2       Spider (1/4) Lair:4        Slime (0/5) Lair:5
    Orc (2/2) D:9             Elf (0/3) Orc:2       Ossuary (visited)
 Bailey (visited)         Gauntlet (visited)
 Vaults: D:13-14

Altars:
Ashenzari
Gozag
Makhleb
Qazlal
Sif Muna
Trog
Vehumet
Wu Jian
Xom
The Shining One
Beogh
Jiyva

Shops:
D:4 =   D:5 !   Orc:2 =*[(

Portals:
Hell: Lair:6

Annotations:
D:7 wall cache
D:9 2 transporters, AlmostDecent's ghost, novice DsFi
Lair:4 Nikola


Innate Abilities, Weirdness & Mutations

You can breathe wild blasts of lightning.
Your glossy black scales are hard. (AC +9)
You cannot fit into any form of body armour.
Your large and strong wings let you fly.
You are resistant to electric shocks. (rElec)
You are cold-blooded and may be slowed by cold attacks.


Message History

There is a hole to the Spider Nest here.
Casting: Sticky Flame (safe; 1% risk of failure)
Confirm with . or Enter, or press ? or * to list all spells.
Aiming: Sticky Flame (safe; 1% risk of failure)
Press: ? - help, Shift-Dir - straight line, f - Nikola
Aim: Nikola, wielding a +0 rapier of electrocution, wearing a +2 cloak of preservation and wearing a +0 pair of gloves (lightly wounded, 100% to hit)
You feel a surge of power!
The sticky flame hits Nikola.
Nikola is lightly wounded.
Nikola is covered in liquid flames!
Nikola burns!
Nikola hits you but does no damage.
Casting: Sticky Flame (safe; 1% risk of failure)
Confirm with . or Enter, or press ? or * to list all spells.
Aiming: Iron Shot (dangerous; 5% risk of failure)
Press: ? - help, Shift-Dir - straight line, f/p - Nikola
Aim: Nikola, wielding a +0 rapier of electrocution, wearing a +2 cloak of preservation and wearing a +0 pair of gloves (lightly wounded, covered in liquid flames, 85% to hit)
Okay, then.
Press: ? - help, v - describe, . - travel
Here: Nikola, wielding a +0 rapier of electrocution, wearing a +2 cloak of preservation and wearing a +0 pair of gloves (lightly wounded, covered in liquid flames)
The floor.
Casting: Iron Shot (dangerous; 5% risk of failure)
Confirm with . or Enter, or press ? or * to list all spells.
Okay, then.
Casting: Iron Shot (dangerous; 5% risk of failure)
Confirm with . or Enter, or press ? or * to list all spells.
Aiming: Iron Shot (dangerous; 5% risk of failure)
Press: ? - help, Shift-Dir - straight line, f/p - Nikola
Aim: Nikola, wielding a +0 rapier of electrocution, wearing a +2 cloak of preservation and wearing a +0 pair of gloves (lightly wounded, covered in liquid flames, 85% to hit)
You feel a surge of power!
The iron shot hits Nikola!!
Nikola is moderately wounded.
Nikola burns!
Nikola casts a spell.
Lightning arcs from Nikola's hands!
The bolt of lightning hits you!!! You resist.
A bolt of lightning appears from out of thin air!
The bolt of lightning hits Nikola.
Nikola burns!
Nikola mumbles some strange words.
Lightning arcs from Nikola's hands!
The bolt of lightning hits you!!! You resist.
You die...

# ##..P........## #...##
#..#......##..## ##.###
##........##...## #....#
#.#...##^..##...# ##...#
#......##^.^###># #..#.#
# #...##P..#.^.^)#.#
####.# #
#..##P...##^.^^### ##.#
###.. ##....#^^...##
#.#.##..#
.#.#.##...#.##..@..#
......... ....
#......>##^.>@# ##.P###..
#...##....#..†##...# ##
##.# ........#.P..<.###.#
#########..#
P#P.#...........#
####..P##...#..
#########..#..#.#
###P...........
#####..####.#.....÷.....#
#.## #.#.P.....P#.#.# #.#
#.<....######...


You could see Nikola (burning).

Vanquished Creatures
  Gastronok (D:8)
  3 orc warlords (Orc:2)
  A minotaur (Gauntlet)
  Josephine (Lair:4)
  Fannar (D:9)
  A boulder beetle (D:13)
  8 hydras
  7 two-headed ogres
  3 catoblepae (Lair:6)
  3 death yaks (Lair:6)
  3 orc high priests (Orc:2)
  Urug (Orc:1)
  A sun demon (Lair:6)
  A wizard (Lair:6)
  8 orc knights
  A deep elf pyromancer (D:12)
  2 large abominations (Gauntlet)
  5 orc sorcerers (Orc:2)
  3 manticores
  An ugly thing (D:12)
  4 cyclopes
  6 black mambas
  17 elephants
  2 torpor snails
  An orange demon (Lair:6)
  11 cane toads
  An ice devil (Lair:6)
  8 rime drakes
  23 komodo dragons
  6 hellwings
  4 red devils (Lair:6)
  A polar bear (shapeshifter) (D:13)
  5 jumping spiders
  2 trolls
  2 hornets (Gauntlet)
  9 blink frogs
  A harpy skeleton (D:11)
  A meliai zombie (D:10)
  2 redbacks (Lair:4)
  42 yaks
  4 wraiths
  5 wyverns
  7 basilisks
  4 vampire mosquitoes (D:12)
  An acid dragon (D:12)
  A warg (Orc:1)
  4 small abominations (Gauntlet)
  13 water moccasins
  3 hell hounds (Lair:6)
  3 sky beasts (D:7)
  41 orc warriors
  An ice beast (D:7)
  4 black bears
  4 necrophages
  7 ogres
  2 hornet zombies
  23 wolves
  8 centaurs
  5 kobold brigands
  13 bullfrogs
  4 gnoll sergeants
  4 scorpions
  A wyvern skeleton (D:7)
  2 water moccasin skeletons
  8 killer bees
  2 electric eels (D:12)
  4 wights (D:8)
  3 howler monkeys
  4 hounds (D:5)
  3 centaur zombies
  A gnoll shaman (D:5)
  7 jellies
  29 orc priests
  9 centaur skeletons
  12 iguanas
  Ijyb (D:3)
  32 orc wizards
  12 mummies
  5 adders
  21 gnolls
  5 shadow imps
  A white imp (D:5)
  4 ufetubi
  2 worms
  4 dart slugs
  105 orcs
  6 endoplasms
  3 giant cockroaches
  2 goblins (D:1)
  3 hobgoblins (D:1)
  7 jackals
  25 kobolds
  2 quokkas (D:1)
  6 ball pythons
  5 bats
  3 frilled lizards
  3 gnoll skeletons (Ossuary)
  4 kobold skeletons (Ossuary)
  An orc skeleton (Ossuary)
  5 rats
  10 rat skeletons (Ossuary)
726 creatures vanquished.

Vanquished Creatures (collateral kills)
  15 foxfires
15 creatures vanquished.

Vanquished Creatures (others)
  An orc (Orc:1)
  2018 foxfires
  50 fungi
  72 plants
  3 withered plants (D:11)
2144 creatures vanquished.

Grand Total: 2885 creatures vanquished

Notes
Turn   | Place    | Note
-------+----------+-------------------------------------------
     0 | D:1      | rogsnak the Draconian Fire Elementalist began the quest for
                  | the Orb.
     0 | D:1      | Reached XP level 1. HP: 14/14 MP: 3/3
   222 | D:1      | Reached XP level 2. HP: 19/20 MP: 1/5
   762 | D:1      | Reached XP level 3. HP: 24/26 MP: 6/6
  1100 | D:1      | Found a faded altar of an unknown god.
  1235 | D:2      | Reached skill level 2 in Conjurations
  1399 | D:2      | Found a shimmering blue altar of Sif Muna.
  1406 | D:2      | Became a worshipper of Sif Muna the Loreminder
  1544 | D:2      | Reached XP level 4. HP: 29/34 MP: 7/7
  2058 | D:2      | Learned a level 4 spell: Sticky Flame
  2106 | D:2      | Reached skill level 1 in Fighting
  2428 | D:3      | You fall into a shaft and drop 3 floors!
  2471 | D:6      | Noticed a black bear
  2515 | D:6      | Noticed a scorpion
  2523 | D:6      | Noticed an ogre
  2524 | D:6      | Killed a scorpion
  2525 | D:6      | Reached skill level 3 in Conjurations
  2525 | D:6      | Reached XP level 5. HP: 40/40 MP: 4/9
  2534 | D:6      | Killed a black bear
  2543 | D:6      | Killed an ogre
  2544 | D:6      | Reached skill level 4 in Conjurations
  2544 | D:6      | Reached XP level 6. HP: 31/47 MP: 1/11
  2703 | D:5      | Entered Level 5 of the Dungeon
  2814 | D:6      | Your scales start taking on a glossy black colour.
  2814 | D:6      | Reached XP level 7. HP: 43/53 MP: 7/12
  2814 | D:6      | Gained mutation: You are resistant to electric shocks.
                  | (rElec) [Black Draconian growth]
  2868 | D:6      | Found a sand-covered staircase.
  2944 | Ossuary  | Entered an ossuary
  3121 | Ossuary  | Learned a level 5 spell: Fireball
  3222 | Ossuary  | Reached skill level 5 in Conjurations
  3252 | Ossuary  | Reached * piety under Sif Muna
  3717 | D:6      | Got the Catalogue of Lightness
  3751 | D:6      | Identified the +5 dagger of Immorality {vorpal, rPois}
  3817 | D:6      | Reached skill level 5 in Fire Magic
  3818 | D:6      | Noticed a troll
  3826 | D:6      | Noticed a komodo dragon
  3829 | D:5      | Found Rawn's Distillery.
  3876 | D:5      | Found a staircase to the Ecumenical Temple.
  3896 | D:5      | Reached skill level 6 in Conjurations
  3896 | D:5      | Reached XP level 8. HP: 61/61 MP: 5/15
  4092 | D:5      | Reached ** piety under Sif Muna
  4120 | D:5      | Reached skill level 5 in Spellcasting
  4567 | D:3      | Found a shimmering altar of Xom.
  4567 | D:3      | Found an ornate altar of the Wu Jian Council.
  4794 | D:3      | Found a burning altar of Makhleb.
  4794 | D:3      | Noticed a green death
  4824 | D:3      | Noticed Ijyb
  4839 | D:3      | Killed Ijyb
  4840 | D:3      | Reached skill level 7 in Conjurations
  5417 | D:4      | Found Lelabyn's Jewellery Shop.
  6226 | D:5      | Reached XP level 9. HP: 68/68 MP: 1/17
  6356 | D:5      | Found an opulent altar of Gozag.
  6565 | D:5      | Reached skill level 8 in Conjurations
  7196 | D:6      | Killed a troll
  7492 | D:6      | Killed a komodo dragon
  7718 | D:7      | Reached *** piety under Sif Muna
  7805 | D:7      | Reached skill level 9 in Conjurations
  8486 | D:7      | Reached XP level 10. HP: 73/74 MP: 13/20
  8916 | D:7      | Noticed a manticore
  8923 | D:7      | Noticed a five-headed hydra
  8923 | D:7      | Killed a manticore
  8924 | D:7      | Reached skill level 10 in Conjurations
  8935 | D:7      | Killed a five-headed hydra
  9469 | D:7      | Found a broken altar of Ashenzari.
  9473 | D:7      | Saw a vision of the Shoals and the Spider Nest.
  9473 | D:7      | Noticed a merfolk siren
  9473 | D:7      | Noticed a sea snake
  9473 | D:7      | Noticed a wolf spider
  9473 | D:7      | Noticed a sea snake
  9473 | D:7      | Noticed a wolf spider
 10099 | D:7      | Learned a level 5 spell: Iskenderun's Battlesphere
 10106 | D:7      | Learned a level 6 spell: Iron Shot
 10179 | D:8      | Noticed Gastronok
 10189 | D:8      | Killed Gastronok
 10190 | D:8      | Reached skill level 11 in Conjurations
 10190 | D:8      | Reached skill level 1 in Earth Magic
 10350 | D:8      | Reached **** piety under Sif Muna
 10421 | D:8      | Reached XP level 11. HP: 72/82 MP: 14/23
 10702 | D:8      | Noticed a two-headed ogre
 10729 | D:8      | Killed a two-headed ogre
 11368 | D:9      | Found a staircase to the Orcish Mines.
 11393 | D:9      | Found a transporter.
 11393 | D:9      | Found a transporter.
 11410 | D:9      | Found a bloodstained altar of Trog.
 11417 | D:9      | Noticed AlmostDecent's ghost (novice DsFi)
 11417 | D:9      | Noticed a tengu warrior
 11426 | D:9      | Noticed a two-headed ogre
 11435 | D:9      | Found a stormy altar of Qazlal.
 11779 | D:9      | Found a glowing golden altar of the Shining One.
 12282 | D:9      | Reached skill level 12 in Conjurations
 12517 | D:9      | Found the +4 Cigotuvi's embrace {rMiasma Drain rN+}
 12641 | D:9      | Reached ***** piety under Sif Muna
 12873 | D:10     | Entered Level 10 of the Dungeon
 12874 | D:10     | Noticed a two-headed ogre
 12938 | D:10     | Killed a two-headed ogre
 13397 | D:10     | Reached skill level 1 in Shields
 13699 | D:10     | Received a gift from Sif Muna
 13705 | D:10     | Learned a level 3 spell: Swiftness
 13830 | D:10     | Found a staircase to the Lair.
 14071 | D:11     | Reached XP level 12. HP: 89/89 MP: 10/25
 14147 | D:11     | Reached skill level 1 in Air Magic
 14170 | D:11     | Got the Collected Works on Viperous Necromancy
 14438 | D:11     | Found a flagged portal.
 14502 | Bailey   | Entered a bailey
 14963 | Bailey   | Identified the +6 fustibalus "Ytaigruq" {venom, rPois rN+
                  | Int-3}
 15622 | D:12     | Noticed a two-headed ogre
 15630 | D:12     | Killed a two-headed ogre
 15631 | D:12     | Reached skill level 10 in Spellcasting
 15952 | D:12     | Noticed a seven-headed hydra
 15958 | D:12     | Killed a seven-headed hydra
 15959 | D:12     | Reached skill level 13 in Conjurations
 16227 | D:12     | Noticed a two-headed ogre
 16233 | D:12     | Killed a two-headed ogre
 16945 | D:12     | Noticed a two-headed ogre
 16948 | D:12     | Killed a two-headed ogre
 17053 | D:12     | Reached skill level 5 in Earth Magic
 17286 | D:13     | Noticed a boulder beetle
 17291 | D:13     | Killed a boulder beetle
 17651 | D:13     | Noticed a two-headed ogre
 17653 | D:13     | Killed a two-headed ogre
 17654 | D:13     | Reached skill level 10 in Fire Magic
 17658 | D:13     | Noticed an eight-headed hydra
 17829 | D:13     | Identified a scroll of acquirement
 17839 | D:13     | Acquired the +2 cloak of Impressiveness {rPois Will++
                  | Int-2}
 17984 | D:14     | Noticed a fire dragon
 18022 | D:13     | Reached XP level 13. HP: 58/94 MP: 6/27
 18218 | Orc:1    | Entered Level 1 of the Orcish Mines
 18359 | Orc:1    | Noticed Fannar
 18361 | Orc:1    | Noticed Urug
 18511 | D:9      | Killed Fannar
 18627 | Orc:1    | Received a gift from Sif Muna
 18658 | Orc:1    | Killed Urug
 18835 | Orc:1    | Reached skill level 14 in Conjurations
 19608 | Orc:2    | Entered Level 2 of the Orcish Mines
 19814 | Orc:2    | Found a staircase to the Elven Halls.
 20028 | Orc:2    | Noticed an orc warlord
 20579 | Orc:2    | Received a gift from Sif Muna
 20580 | Orc:2    | Got Sif Muna's Tome of the Entourage and Intoxication {god
                  | gift}
 21797 | Orc:2    | Found Qongits's Antique Armour Emporium.
 21798 | Orc:2    | Found Qicix's Antique Weapon Shoppe.
 21802 | Orc:2    | Found Xoucva's General Store.
 21802 | Orc:2    | Found Gusiumm's Jewellery Emporium.
 21821 | Orc:2    | Bought a glowing cloak for 247 gold pieces
 21844 | Orc:2    | Bought an amulet of magic regeneration for 390 gold pieces
 22012 | Orc:2    | Noticed an orc warlord
 22155 | Orc:2    | Killed an orc warlord
 22795 | Orc:2    | Killed an orc warlord
 23029 | Orc:2    | Noticed an orc warlord
 23048 | Orc:2    | Killed an orc warlord
 23049 | Orc:2    | Reached skill level 15 in Conjurations
 23115 | Lair:1   | Entered Level 1 of the Lair of Beasts
 23684 | Lair:1   | Gained mutation: Your large and strong wings let you fly.
                  | [Black Draconian growth]
 23684 | Lair:1   | Reached XP level 14. HP: 102/102 MP: 19/29
 23973 | Lair:1   | Received a gift from Sif Muna
 24720 | Lair:2   | Found a staircase to the Shoals.
 25475 | Lair:2   | Reached skill level 5 in Dodging
 25478 | Lair:2   | Reached ****** piety under Sif Muna
 26058 | Lair:3   | Received a gift from Sif Muna
 26070 | Lair:3   | Got Sif Muna's Catalogue of Enthralling Ice {god gift}
 26665 | Lair:3   | Identified the +6 bardiche of Inquiry {drain, rC+ rN+ MP+9
                  | Str+3}
 26876 | Lair:4   | Identified the +6 rapier "Regism" {flame, Drain rC- rN+++
                  | Dex+2}
 27166 | Lair:4   | Noticed Josephine
 27173 | Lair:4   | Killed Josephine
 27303 | Lair:4   | Identified the +1 plate armour "Igokugun" {rC++ Int+2}
 27336 | Lair:4   | Found a hole to the Spider Nest.
 27551 | Lair:5   | Reached skill level 16 in Conjurations
 27618 | Lair:5   | Received a gift from Sif Muna
 27619 | Lair:5   | Got Bemmo's Incunabulum of the Blaze and Attacks {god gift}
 27751 | Lair:5   | Found a radiant altar of Vehumet.
 27876 | Lair:5   | Found a viscous altar of Jiyva.
 27877 | Lair:5   | Found a staircase to the Slime Pits.
 27994 | Lair:6   | Entered Level 6 of the Lair of Beasts
 28165 | Lair:6   | Found a gate leading to a gauntlet.
 28176 | Lair:6   | Reached XP level 15. HP: 110/110 MP: 17/31
 28183 | Gauntlet | Entered a Gauntlet
 28183 | Gauntlet | Found a transporter.
 28190 | Gauntlet | Found a transporter.
 28193 | Gauntlet | Found a transporter.
 28194 | Gauntlet | Found a transporter.
 28202 | Gauntlet | Found a transporter.
 28205 | Gauntlet | Found a transporter.
 28206 | Gauntlet | Found a transporter.
 28214 | Gauntlet | Found a transporter.
 28217 | Gauntlet | Found a transporter.
 28218 | Gauntlet | Found a transporter.
 28226 | Gauntlet | Found a transporter.
 28229 | Gauntlet | Found a transporter.
 28230 | Gauntlet | Found a transporter.
 28239 | Gauntlet | Found a transporter.
 28332 | Gauntlet | Learned a level 5 spell: Lee's Rapid Deconstruction
 28533 | Gauntlet | Identified the ring "Siedia" {rF+ rN+ rCorr AC+4 Dex+3}
 28598 | Gauntlet | Identified the +11 war axe of the Baking Genius {holy, rN+
                  | Str-2 Dex+3}
 28598 | Gauntlet | Identified the +1 chain mail "Piblemerch" {-Tele rF+++
                  | Str+2 Stlth+}
 28598 | Gauntlet | Identified the ring of Badwile {rPois rF+}
 28609 | Gauntlet | Identified the +0 ring mail "Jiha" {rF+ Stlth+}
 29076 | Lair:6   | Acquired 560 gold pieces
 29377 | Lair:6   | Reached skill level 1 in Summonings
 29377 | Lair:6   | Reached skill level 1 in Invocations
 29377 | Lair:6   | Reached skill level 1 in Evocations
 29377 | Lair:6   | Reached XP level 16. HP: 115/118 MP: 32/32
 29785 | Lair:6   | Found a burning altar of Makhleb.
 29798 | Lair:6   | Found a gateway to Hell.
 29897 | Spider:1 | Entered Level 1 of the Spider Nest
 29897 | Spider:1 | Noticed Nikola
 29935 | Lair:4   | Killed from afar by Nikola

Illustrated notes

Levels and vault maps discovered:
D:1:      scummos_arrival_checkerplants, layout_basic,
          shapermc_ecumenical_altar_starsandcircs, minmay_heptomino_h4
D:2:      layout_basic, basic_altar, roderic_lattice_a, nrook_loot_triangle
D:3:      layout_loops_corners, gammafunk_temple_overflow_pools,
          makhleb_altar_promises_db, uniq_ijyb
D:4:      layout_basic, serial_shops, shop
D:5:      layout_gridville, lemuel_round_altar, minmay_temple_entry_water_ring,
          serial_shops, nicolae_shop_statue_plus,
          minmay_fractal_squares_diagonal_5
D:6:      layout_basic, gup_ossuary_entry_pyramid
D:7:      nzn_winding_woodlands_medium [nzn_winding_woodlands_5x5_three,
          nzn_winding_woodlands_5x15_cabin,
          nzn_winding_woodlands_5x5_closed_star,
          nzn_winding_woodlands_5x5_perimeter,
          nzn_winding_woodlands_center_diamonds,
          nzn_winding_woodlands_hourglass, nzn_winding_woodlands_5x5_open_star,
          nzn_winding_woodlands_5x15_pool, nzn_winding_woodlands_5x5_cross],
          layout_loops_corners, grunt_ashenzari_visionary
          [grunt_ashenzari_visionary_shoals, grunt_ashenzari_visionary_spider],
          st_stairs_5, due_unseen_surprise
D:8:      layout_rooms, chequers_serial_rivers_micro_b, uniq_gastronok
D:9:      layout_long_grid, amcnicky_altar_gilded,
          nicolae_qazlal_scattered_showers, david_orc_2,
          gammafunk_ghost_wrathful_warriors, chequers_avenue,
          grunt_ministairs_1, hellmonk_guarded_unrand_cigotuvi
D:10:     layout_basic, lair_entry_dummy
D:11:     cheibrodos_grave_circle, layout_layer_cave, enter_bailey_2
D:12:     layout_layer_cave, fountainhead
D:13:     layout_roguey
D:14:     lemuel_traditional_vault, layout_irregular_city,
          ximxim_vaults_locker_room, hellmonk_bongcloud_opening,
          minmay_misc_feat_roman, zin_statuary, uniq_louise
Lair:1:   beast_lair_carwin_large_4, layout_gridlike, minivault_11,
          st_stairs_12, infiniplex_staircase_pool_2, serial_bayou_shore_a,
          lemuel_fruit_tree
Lair:2:   layout_cave_pods, minmay_shoals_entry_centaurs, beast_lair_carwin_5
Lair:3:   layout_roguey, grunt_megastairs_4, infiniplex_staircase_pool
Lair:4:   layout_loops_ring, spider_nest_entry_funnel_web, serial_bayou_lake_a,
          uniq_josephine
Lair:5:   layout_hall_layers, slime_altar_1, basic_altar, st_stairs_5,
          grunt_forest_small_clearings, grunt_forest_stairs_basic
Lair:6:   evil_forest, layout_concentric_octagons, gauntlet_entry_generic,
          grunt_megastairs_1
Spider:1: cheibrodos_forgotten_conduit, ebering_ghost_reflecting_pool,
          uniq_nikola
Orc:1:    layout_caves, lightli_orcish_oven, uniq_fannar, uniq_urug
Orc:2:    st_orc_congregation, layout_caves, basic_altar,
          hellmonk_guarded_unrand_dark_maul

Skill      XL: |  1  2  3  4  5  6  7  8  9 10 11 12 13 14 15 |
---------------+----------------------------------------------+-----
Stealth        | 2 |  2.0
Conjurations   | 2 3 4 6 7 9 11 12 13 15 16 | 16.9
Fighting       | 1 2 3 4 |  4.4
Dodging        | 2 3 4 5 |  5.4
Spellcasting   | 3 4 5 7 8 9 10 11 12 | 12.8
Fire Magic     | 4 5 6 7 8 9 10 12 | 12.4
Earth Magic    | 1 3 5 6 7 8 |  8.2
Shields        | 1 2 |  2.0
Air Magic      | 2 |  2.0
Summonings     | 1 |  1.2
Invocations    | 1 |  1.3
Evocations     | 1 |  1.4
Polearms       | |  0.4

Action                   |  1- 3 |  4- 6 |  7- 9 | 10-12 | 13-15 | 16-18 || total
-------------------------+-------+-------+-------+-------+-------+-------++-------
Melee: Dagger            |    40 |    11 |     2 |       |       |       ||    53
       Tailslap          |     2 |     1 |     7 |    14 |     7 |       ||    31
       Staff             |       |    10 |    52 |    67 |    34 |       ||   163
       Trident           |       |       |     2 |    14 |       |       ||    16
       Spear             |       |       |       |       |    13 |       ||    13
 Cast: Foxfire           |    51 |    32 |   232 |   352 |   551 |     5 ||  1223
       Sticky Flame      |       |     3 |    37 |    49 |   101 |     1 ||   191
       Fireball          |       |       |     3 |    44 |   102 |    11 ||   160
       Iskenderun's Batt |       |       |       |    68 |   116 |     5 ||   189
       Iron Shot         |       |       |       |       |    14 |    16 ||    30
       Swiftness         |       |       |       |       |     5 |       ||     5
 Abil: Breathe Lightning |       |       |     7 |     2 |     8 |       ||    17
Evoke: Wand              |       |       |       |       |     4 |       ||     4
  Use: Scroll            |       |       |       |    13 |     8 |       ||    21
       Potion            |       |       |       |       |     1 |       ||     1
 Stab: Sleeping          |     1 |       |     2 |       |       |       ||     3
       Petrified         |       |       |       |       |     1 |       ||     1
Armor: Skin              |    14 |     3 |    17 |   109 |    92 |     4 ||   239
Dodge: Dodged            |    13 |    19 |    62 |   101 |   117 |     7 ||   319
Block: Buckler           |       |       |       |    26 |    34 |     2 ||    62
